 Dungeon Crawl Stone Soup version 0.21-a0-91-ga5031da (webtiles) character file.

74144 vev the Unseen (level 15, 0/96 HPs)
             Began as an Octopode Summoner on June 28, 2017.
             Was a High Priest of Ru.
             Slain by a swamp worm (17 damage)
             ... on level 1 of the Swamp.
             The game lasted 04:56:47 (35412 turns).

vev the Unseen (Octopode Summoner)                 Turns: 35412, Time: 04:56:48

Health: 0/96       AC:  3    Str:  5    XL:     15   Next: 45%
Magic:  20/27      EV: 22    Int: 25    God:    Ru [*****.]
Gold:   1427       SH:  5    Dex: 17    Spells: 3/30 levels left

rFire    . . .     SeeInvis +   a - +10 war axe "Elacurez" {chop, Dex+5}
rCold    + . .     Gourm    .   K - +0 buckler {rC+}
rNeg     + . .     Faith    .   R - +2 hat {MR+}
rPois    +         Spirit   .   O - amulet of magic regeneration
rElec    .         Reflect  .   r - ring of resist corrosion
rCorr    +         Harm     .   y - ring of positive energy
MR       +++..                  M - ring of protection from magic
Stlth    +++++++...             J - ring of wizardry
HPRegen  0.00/turn              Z - +4 ring of slaying
MPRegen  0.45/turn              T - ring of see invisible
                                (no ring)
                                (no ring)

@: no potions
A: almost no armour, stealthy swim, amphibious, 8 rings, constrict 8, camouflage
1, clever 1, clumsy 1, frail 1, poison resistance, inhibited regeneration, weak
1, gelatinous body 1, inability to drink while threatened
a: Draw Out Power, Power Leap, Apocalypse, Renounce Religion


You were on level 1 of the Swamp.
You worshipped Ru.
Ru was extremely pleased with you.
You were not hungry.

You visited 6 branches of the dungeon, and saw 26 of its levels.
You also visited: Ice Cave.

You collected 2211 gold pieces.
You spent 784 gold pieces at shops.

Inventory:

Hand Weapons
 a - the +10 war axe "Elacurez" (weapon) {chop, Dex+5}
   (You bought it in a shop on level 2 of the Orcish Mines)

   It inflicts extra damage upon your enemies.
   It affects your dexterity (+5).
 b - a +0 demon trident of freezing
 x - the +10 whip "Orb Guardian's Bane" {antimagic, Int+3 Dex+5}
   (You found it on level 9 of the Dungeon)

   It reduces the magical energy of the wielder, and disrupts the spells and
   magical abilities of those hit.
   Natural abilities and divine invocations are not affected.
   It affects your intelligence (+3).
   It affects your dexterity (+5).
 N - a +4 blowgun
Missiles
 H - 14 javelins (quivered)
 Q - 8 curare-tipped needles
 V - a throwing net
Armour
 f - a +2 buckler
 K - a +0 buckler of cold resistance (worn)
 R - a +2 hat of magic resistance (worn)
Jewellery
 r - a ring of resist corrosion (left tentacle)
 y - a ring of positive energy (right tentacle)
 J - a ring of wizardry (on tentacle)
 M - a ring of protection from magic (on tentacle)
 O - an amulet of magic regeneration (around mantle)
 T - a ring of see invisible (on tentacle)
 Z - a +4 ring of slaying (on tentacle)
Wands
 z - a wand of digging (6/24)
 S - a wand of confusion (16/48)
 W - a wand of disintegration (13/24)
Scrolls
 c - 2 scrolls of magic mapping
 g - a scroll of torment {unknown}
 i - 8 scrolls of identify
 l - 2 scrolls of fog
 p - 2 scrolls of teleportation
 q - 16 scrolls of remove curse
 u - a scroll of recharging
 D - a scroll of enchant armour
 G - a scroll of fear
 I - 3 scrolls of vulnerability
 L - 3 scrolls of holy word
 U - a scroll of blinking
 X - 3 scrolls of amnesia
 Y - a scroll of summoning
Potions
 e - 4 potions of brilliance
 h - 2 potions of might
 j - 5 potions of flight
 k - 6 potions of heal wounds
 m - 10 potions of curing
 n - 2 potions of resistance
 o - 4 potions of agility
 t - 5 potions of lignification
 A - 4 potions of haste
 B - 2 potions of invisibility
 C - a potion of ambrosia
 F - 6 potions of mutation
Books
 w - the Guide on Spatial Poisoning
   (You found it on level 13 of the Dungeon)

   Spells                             Type                      Level
   a - Ignite Poison                  Fire/Transmutation/Poison    3
   b - Teleport Other                 Translocation                3
   c - Dispersal                      Translocation                6
   d - Disjunction                    Translocation                8
Miscellaneous
 d - a box of beasts
 v - a phial of floods
Comestibles
 s - 15 fruits
 E - 4 chunks of flesh
 P - 14 bread rations


   Skills:
 + Level 11.6 Fighting
 + Level 12.0 Dodging
 + Level 15.7 Stealth
 - Level 4.2 Shields
 - Level 8.0 Spellcasting
 - Level 10.9 Summonings
 - Level 1.4 Translocations
 - Level 4.0 Transmutations
 - Level 4.7 Ice Magic
 - Level 4.8 Air Magic
 + Level 7.9 Earth Magic
 - Level 4.1 Evocations


You had 3 spell levels left.
You knew the following spells:

 Your Spells              Type           Power        Failure   Level  Hunger
a - Summon Ice Beast      Ice/Summ       #####...     1%          4    ##.....
b - Blink                 Tloc           N/A          1%          2    None
d - Call Canine Familiar  Summ           ######..     1%          3    None
e - Petrify               Tmut/Erth      #####...     1%          4    ##.....
f - Stone Arrow           Conj/Erth      ####..       1%          3    None
p - Passwall              Tmut/Erth      #####.....   1%          2    None
q - Summon Lightning Spi  Summ/Air       #####...     1%          4    ##.....
w - Lee's Rapid Deconstr  Erth           #####.....   2%          5    ####...


Dungeon Overview and Level Annotations

Branches:
Dungeon (15/15)            Temple (1/1) D:6            Lair (6/6) D:8
  Swamp (1/4) Lair:3        Snake (0/4) Lair:3        Slime (0/5) Lair:6
    Orc (2/2) D:9             Elf (1/3) Orc:2        Vaults (0/5) D:13
 Depths (0/5) D:15

Altars:
Ashenzari
Cheibriados
Dithmenos
Elyvilon
Fedhas
Gozag
Hepliaklqana
Kikubaaqudgha
Makhleb
Nemelex Xobeh
Okawaru
Qazlal
Ru
Sif Muna
Trog
Uskayaw
Vehumet
Wu Jian
Xom
Yredelemnul
Zin
The Shining One
Jiyva

Shops:
D:12 ?   D:14 !   D:15 **   Orc:2 (*%*}

Annotations:
D:8 exclusion: downstairs
D:10 1 exclusion
D:14 Rupert
Lair:4 exclusion: molten gargoyle
Lair:6 2 runed doors, 1 exclusion


Innate Abilities, Weirdness & Mutations

You cannot wear most types of armour.
You are very stealthy in the water. (Stealth+)
You are amphibious.
You can wear up to eight rings at the same time.
You can use your tentacles to constrict eight enemies at once.
Your skin changes colour to match your surroundings (Stealth+).
You are clumsy. (Dex -2)
You are frail. (-10% HP)
You do not regenerate when monsters are visible.
You are weak. (Str -2)
Your rubbery body absorbs attacks. (AC +1, EV +1)
You cannot drink potions while threatened.
Your mind is acute. (Int +2)
Your system is resistant to poisons. (rPois)


Message History

Your ice beast disappears in a puff of smoke!
Your ice beast hits the spiny frog but does no damage.
You swap places.
The spiny frog stings you!
You feel threatened and lose the ability to drink potions!
* * * LOW HITPOINT WARNING * * *
You focus your will and illuminate the spiny frog in retribution!
The spiny frog closely misses you.
Your ice beast misses the spiny frog.
Your lightning spire shoots out a bolt of lightning at the spiny frog!
The bolt of electricity hits the spiny frog.
Your ice beast misses the spiny frog.
Your ice beast hits the spiny frog.
Your ice beast freezes the spiny frog!!
The spiny frog completely misses you.
A swamp worm comes into view.
You can drink potions again.
The swamp worm bites you!!
You feel threatened and lose the ability to drink potions!
* * * LOW HITPOINT WARNING * * *
The spiny frog is stunned by your will and fails to attack.
The swamp worm bites you!
You die...

.♣♣♣.≈...§.≈≈≈.♣.≈≈..≈≈♣♣.♣♣.≈≈≈§
♣♣ ♣≈≈..♣.≈≈...≈≈≈≈.≈≈...≈...≈♣≈♣
♣ ♣♣...♣....♣.≈.§≈≈≈≈..♣≈.♣≈≈≈.♣
♣ ♣.♣.♣...≈≈.≈.≈≈≈≈≈..≈≈.≈≈.≈≈♣ ♣
♣.......≈♣(≈≈≈...≈≈.≈§≈≈≈..♣♣ ♣
♣..♣≈≈≈♣≈≈....§≈..≈.≈≈≈§≈.♣♣
♣♣.♣≈≈≈≈≈..§.§≈§≈.≈♣§≈≈≈..♣
♣≈≈......♣≈.≈≈≈≈≈≈♣.†≈≈.♣♣
♣.≈≈≈≈≈..≈.@FYY§≈≈≈..≈≈.♣
♣..≈≈..≈≈♣.w..≈.....≈....♣
♣♣.>≈≈.♣♣..≈≈.......≈...♣♣
♣♣♣♣♣♣.≈≈≈.≈..≈≈..#.###....≈♣
........≈≈♣≈≈....##...##..≈≈♣
..........≈≈≈.≈.♣......##...♣
######..♣♣♣≈≈.≈≈≈....≈..#...♣
.?...#..♣ ♣♣≈≈≈≈........#.≈.♣
.....+ ♣ ♣...♣≈≈≈....#..≈.♣


You could see a spiny frog, a swamp worm and 2 friendly ice beasts.

Vanquished Creatures
  A hydra (Swamp:1)
  A tengu warrior (D:15)
  7 two-headed ogres
  2 ogre magi (Orc:2)
  An orc high priest (Orc:2)
  A deep elf knight (D:12)
  3 orc sorcerers
  4 deep elf magi
  A salamander (D:15)
  3 elephants
  2 ice statues (IceCv)
  3 centaur skeletons
  2 spiny frogs
  4 kobold demonologists
  2 ice devils (IceCv)
  A queen bee (Lair:5)
  A tengu conjurer (D:14)
  3 tyrant leeches (Swamp:1)
  2 blink frogs
  A bog body (Swamp:1)
  A hippogriff (D:13)
  A water elemental (D:11)
  2 vampires
  10 yaks
  A hog (D:10)
  A hungry ghost (D:15)
  A vampire mosquito (Swamp:1)
  2 swamp worms (Swamp:1)
  3 wargs (Orc:2)
  2 soldier ants
  4 insubstantial wisps (Swamp:1)
  A water moccasin (D:7)
  A hell hound (Lair:6)
  8 orc warriors
  A swamp drake (Swamp:1)
  18 ogres
  4 wolves
  2 centaurs
  4 big kobolds
  2 bullfrogs
  A scorpion (D:8)
  An electric eel (D:10)
  2 howler monkeys
  5 crimson imps
  A lava snake (Lair:6)
  A centaur zombie (D:12)
  A bullfrog zombie (D:5)
  A quasit (D:14)
  6 hounds
  4 orc wizards
  2 orc priests
  A gnoll shaman (D:10)
  2 bullfrog skeletons (D:5)
  3 iguanas
  Ijyb (D:4)
  Natasha (twice) (D:3)
  A hell rat (D:7)
  2 worker ants
  A hound skeleton (D:5)
  A howler monkey zombie (D:7)
  A worker ant zombie (D:5)
  A gnoll (D:8)
  5 adders
  A shadow imp (D:13)
  4 white imps (IceCv)
  An ooze (D:1)
  An adder skeleton (D:5)
  An adder zombie (D:5)
  A worm (D:4)
  A dart slug (D:3)
  2 leopard geckos
  39 orcs
  A ball python (D:4)
  7 bats
  2 giant cockroaches
  5 goblins
  7 hobgoblins
  3 jackals
  7 kobolds
  5 quokkas
  4 frilled lizards
  3 rats
  2 fungi
  4 plants (D:10)
261 creatures vanquished.

Vanquished Creatures (collateral kills)
  Frances (D:13)
  Gastronok (D:8)
  2 orc warlords
  A deep elf demonologist (Elf:1)
  2 ogre magi (Orc:2)
  Erolcha (D:9)
  Harold (Orc:1)
  A vault guard (D:13)
  6 hydras
  Erica (D:9)
  16 two-headed ogres
  An alligator (Swamp:1)
  3 death yaks (Lair:5)
  An orc high priest (Orc:2)
  3 tengu warriors
  A fire crab (Lair:6)
  3 unseen horrors
  A swamp dragon (Swamp:1)
  2 orc knights
  7 deep elf magi (Elf:1)
  3 oklob plants
  2 wolf spiders
  3 ugly things
  An orc sorcerer (Orc:2)
  2 cyclopes
  2 manticores
  11 elephants
  8 black mambas
  3 molten gargoyles (Lair:6)
  Joseph (Lair:1)
  4 spiny frogs
  2 rime drakes (Lair:3)
  9 ice devils
  A kobold demonologist (D:13)
  15 komodo dragons
  12 trolls
  2 polar bears
  A merfolk (D:10)
  3 meliai (Lair:5)
  3 tyrant leeches
  4 slime creatures (D:12)
  A bog body (Swamp:1)
  8 hippogriffs
  5 dream sheep (Lair:4)
  A slime creature (shapeshifter) (D:15)
  23 blink frogs
  The ghost of vev the Sneak, an amateur OpSu (D:4)
  A centaur simulacrum (D:15)
  2 spriggans
  8 wyverns
  4 vampires
  2 wraiths (D:11)
  A shadow (D:14)
  57 yaks
  4 basilisks
  A hog (D:10)
  A vampire mosquito (Swamp:1)
  3 steam dragons (Lair:6)
  A hungry ghost (D:10)
  5 wargs
  2 swamp worms (Swamp:1)
  3 insubstantial wisps (Swamp:1)
  2 soldier ants
  5 water moccasins
  3 hell hounds (Lair:6)
  7 porcupines
  19 orc warriors
  4 ice beasts
  5 sky beasts
  11 black bears
  An eye of draining (D:12)
  3 necrophages
  6 centaurs
  3 boggarts (D:15)
  3 phantoms
  18 ogres
  10 wolves
  13 crocodiles
  3 big kobolds
  2 gnoll sergeants (D:10)
  20 bullfrogs
  8 scorpions
  16 killer bees (Lair:5)
  13 wights
  5 howler monkeys
  7 electric eels
  6 crimson imps
  A bullfrog zombie (D:4)
  6 lava snakes
  4 centaur zombies
  2 quasits
  2 bullfrog skeletons
  2 centaur skeletons
  6 jellies
  3 hounds
  11 orc priests
  3 gnoll shamans
  23 orc wizards
  Jessica (D:3)
  4 iguanas
  Natasha (D:3)
  11 hell rats
  6 worker ants
  A worker ant zombie (D:5)
  13 adders
  12 gnolls
  7 river rats (D:7)
  A shadow imp (D:10)
  2 white imps (IceCv)
  5 ufetubi (IceCv)
  2 adder skeletons
  A dart slug (D:2)
  2 leopard geckos
  52 orcs
  2 giant cockroaches
  3 goblins
  2 hobgoblins
  14 jackals
  15 kobolds
  4 quokkas (D:7)
  2 leopard gecko skeletons
  16 rats
  2 bushes
  2 fungi
  16 plants
736 creatures vanquished.

Vanquished Creatures (others)
  A reaper (IceCv)
  A deep elf mage (Elf:1)
  An orc sorcerer (Orc:2)
  A yak (D:13)
  An orc warrior (Orc:2)
  A necrophage (D:6)
  A bullfrog (Lair:3)
  A worker ant (D:6)
  3 white imps (IceCv)
  7 ufetubi (IceCv)
  5 orcs
  12 fungi
  24 plants
59 creatures vanquished.

Grand Total: 1056 creatures vanquished

Notes
Turn   | Place    | Note
-------+----------+-------------------------------------------
     0 | D:1      | vev the Octopode Summoner began the quest for the Orb.
     0 | D:1      | Reached XP level 1. HP: 11/11 MP: 3/3
   325 | D:1      | Reached XP level 2. HP: 16/17 MP: 0/5
   375 | D:1      | Reached skill level 3 in Stealth
  1021 | D:2      | Found a sparkling altar of Nemelex Xobeh.
  1286 | D:2      | Reached XP level 3. HP: 12/21 MP: 3/6
  2026 | D:3      | Noticed Jessica
  2285 | D:2      | Reached XP level 4. HP: 19/27 MP: 3/7
  2294 | D:2      | Learned a level 3 spell: Call Canine Familiar
  2299 | D:2      | Learned a level 4 spell: Summon Lightning Spire
  2531 | D:3      | Found a stormy altar of Qazlal.
  2684 | D:3      | Noticed Natasha
  2732 | D:3      | Killed Jessica
  2732 | D:3      | Reached skill level 1 in Air Magic
  2859 | D:3      | Reached skill level 2 in Air Magic
  2865 | D:3      | Killed Natasha
  2865 | D:3      | Reached XP level 5. HP: 13/32 MP: 2/8
  3175 | D:3      | Reached skill level 3 in Air Magic
  3308 | D:3      | Noticed Natasha
  3314 | D:3      | Killed Natasha
  3379 | D:3      | Noticed Natasha
  3389 | D:3      | Killed Natasha
  3449 | D:4      | Noticed Ijyb
  3459 | D:4      | Killed Ijyb
  3459 | D:4      | Reached skill level 4 in Air Magic
  3459 | D:4      | Reached XP level 6. HP: 23/37 MP: 7/9
  3476 | D:4      | You fall through a shaft!
  3476 | D:5      | Entered Level 5 of the Dungeon
  3747 | D:5      | Reached skill level 4 in Stealth
  3758 | D:5      | Reached skill level 1 in Fighting
  3785 | D:5      | HP: 3/38 [orc wizard/magic dart (9)]
  3795 | D:5      | Reached skill level 3 in Dodging
  4377 | D:5      | Reached XP level 7. HP: 41/43 MP: 9/11
  4418 | D:5      | Reached skill level 3 in Spellcasting
  4814 | D:4      | Reached skill level 5 in Summonings
  5247 | D:4      | Noticed vev's ghost (amateur OpSu)
  5357 | D:4      | Killed vev's ghost
  5357 | D:4      | Reached skill level 2 in Fighting
  5357 | D:4      | Reached skill level 5 in Stealth
  6024 | D:6      | Reached skill level 4 in Dodging
  6024 | D:6      | Reached XP level 8. HP: 50/50 MP: 8/13
  6113 | D:6      | Gained mutation: Your system is resistant to poisons. (rPois) [potion of mutation]
  6113 | D:6      | Gained mutation: Your mind is acute. (Int +2) [potion of mutation]
  7026 | D:6      | Found a staircase to the Ecumenical Temple.
  7035 | Temple   | Entered the Ecumenical Temple
  7337 | Temple   | Became a worshipper of Ru the Awakened
  7492 | D:7      | Reached skill level 6 in Summonings
  7618 | D:7      | Reached skill level 6 in Stealth
  7618 | D:7      | Reached skill level 4 in Spellcasting
  7723 | D:7      | Reached skill level 3 in Fighting
  7968 | D:7      | Learned a level 4 spell: Summon Ice Beast
  7971 | D:7      | Learned a level 2 spell: Passwall
  7982 | D:7      | Noticed a two-headed ogre
  8135 | D:7      | Killed a two-headed ogre
  8135 | D:7      | Reached skill level 5 in Dodging
  8135 | D:7      | Reached skill level 7 in Summonings
  8135 | D:7      | Reached skill level 2 in Ice Magic
  8135 | D:7      | Reached XP level 9. HP: 29/57 MP: 7/15
  8457 | D:8      | Noticed a two-headed ogre
  8471 | D:8      | Killed a two-headed ogre
  8471 | D:8      | Reached skill level 4 in Fighting
  8471 | D:8      | Reached skill level 7 in Stealth
  8471 | D:8      | Reached skill level 3 in Ice Magic
  8492 | D:8      | Noticed a two-headed ogre
  8521 | D:8      | Killed a two-headed ogre
  8521 | D:8      | Reached skill level 5 in Spellcasting
  8521 | D:8      | Reached skill level 4 in Ice Magic
  8650 | D:8      | Reached XP level 10. HP: 61/65 MP: 14/17
  8740 | D:8      | Found a staircase to the Lair.
  8808 | D:8      | Noticed Gastronok
  8926 | D:8      | Gained mutation: You are weak. (Str -2) [Ru sacrifice]
  9036 | D:8      | Killed Gastronok
  9036 | D:8      | Reached skill level 5 in Fighting
  9036 | D:8      | Reached skill level 6 in Dodging
  9036 | D:8      | Reached skill level 8 in Stealth
  9036 | D:8      | Reached skill level 8 in Summonings
  9219 | D:8      | Found an ornate altar of the Wu Jian Council.
  9219 | D:8      | Found a hide-covered altar of Uskayaw.
  9444 | D:9      | Noticed Erica
  9452 | D:9      | Noticed Erolcha
  9745 | D:9      | Found a glowing silver altar of Zin.
  9747 | D:9      | Found Zin's Purification Station.
  9764 | D:9      | Bought a potion of curing for 90 gold pieces
 10046 | D:9      | Found a staircase to the Orcish Mines.
 10062 | D:9      | Noticed a two-headed ogre
 10078 | D:9      | Killed a two-headed ogre
 10078 | D:9      | Reached skill level 6 in Spellcasting
 10221 | D:9      | Killed Erica
 10254 | D:9      | Killed Erolcha
 10254 | D:9      | Reached skill level 9 in Stealth
 10268 | D:9      | Found a blossoming altar of Fedhas.
 10373 | D:9      | Got a pitted whip
 10374 | D:9      | Identified the +10 whip "Orb Guardian's Bane" {antimagic, Int+3 Dex+5} (You found it on level 9 of the Dungeon)
 10541 | D:10     | Entered Level 10 of the Dungeon
 10627 | D:8      | Upgraded the game from 0.21-a0-88-g13b9641 to 0.21-a0-91-ga5031da
 10630 | Lair:1   | Entered Level 1 of the Lair of Beasts
 10824 | Lair:1   | Noticed Joseph
 10845 | Lair:1   | Reached XP level 11. HP: 68/72 MP: 1/20
 10847 | Lair:1   | Reached skill level 7 in Dodging
 11014 | Lair:1   | Reached skill level 6 in Fighting
 11432 | Lair:2   | Noticed a five-headed hydra
 11445 | Lair:2   | Killed a five-headed hydra
 11642 | Lair:2   | Reached skill level 10 in Stealth
 11967 | Lair:2   | Reached skill level 9 in Summonings
 12032 | Lair:2   | Noticed a wolf spider
 12037 | Lair:2   | Killed a wolf spider
 12119 | Lair:3   | Found a staircase to the Snake Pit.
 12361 | Lair:3   | Gained mutation: You cannot drink potions while threatened. [Ru sacrifice]
 12361 | Lair:3   | Reached * piety under Ru
 12488 | Lair:3   | Noticed an oklob plant
 12515 | Lair:3   | Killed an oklob plant
 12580 | Lair:3   | Found a radiant altar of Vehumet.
 12799 | Lair:3   | Reached skill level 7 in Fighting
 12828 | Lair:3   | Reached skill level 8 in Dodging
 13176 | Lair:4   | Reached skill level 11 in Stealth
 13568 | Lair:4   | Reached XP level 12. HP: 46/81 MP: 1/21
 13706 | Lair:4   | Noticed a seven-headed hydra
 13713 | Lair:4   | Killed a seven-headed hydra
 14169 | Lair:4   | Reached skill level 1 in Evocations
 14187 | Lair:4   | Reached skill level 2 in Evocations
 14198 | Lair:4   | Reached skill level 3 in Evocations
 14692 | Lair:5   | Reached skill level 4 in Evocations
 14739 | Lair:5   | Reached skill level 9 in Dodging
 14822 | Lair:5   | Reached skill level 10 in Summonings
 14911 | Lair:5   | Gained mutation: You are frail. (-10% HP) [Ru sacrifice]
 14911 | Lair:5   | Reached ** piety under Ru
 14911 | Lair:5   | Reached *** piety under Ru
 14911 | Lair:5   | Reached **** piety under Ru
 15333 | Lair:5   | Noticed a death yak
 15406 | Lair:6   | Entered Level 6 of the Lair of Beasts
 15418 | Lair:6   | Reached skill level 8 in Fighting
 15445 | Lair:6   | Reached skill level 7 in Spellcasting
 15530 | Lair:6   | Found a dark tunnel.
 15543 | Lair:6   | Reached skill level 12 in Stealth
 15694 | Lair:6   | Noticed a five-headed hydra
 15702 | Lair:6   | Killed a five-headed hydra
 16208 | Lair:6   | Reached XP level 13. HP: 60/80 MP: 12/24
 16674 | Lair:6   | Noticed a fire dragon
 16706 | Lair:6   | Reached skill level 9 in Fighting
 16814 | Lair:6   | Found a large runed door.
 16815 | Lair:6   | Found a large runed door.
 17025 | Lair:6   | Found a viscous altar of Jiyva.
 17031 | Lair:6   | Found a staircase to the Slime Pits.
 17293 | Lair:5   | Reached skill level 10 in Dodging
 17703 | Lair:3   | Found a staircase to the Swamp.
 18000 | Lair:1   | Reached skill level 13 in Stealth
 18085 | Lair:1   | Killed Joseph
 18304 | D:9      | Learned a level 4 spell: Petrify
 18310 | D:9      | Learned a level 5 spell: Lee's Rapid Deconstruction
 18314 | D:9      | Learned a level 3 spell: Stone Arrow
 18341 | D:10     | Reached skill level 8 in Spellcasting
 18894 | D:10     | Reached skill level 1 in Transmutations
 18976 | D:10     | Gained mutation: You do not regenerate when monsters are visible. [Ru sacrifice]
 18976 | D:10     | Reached ***** piety under Ru
 19011 | D:10     | Learned a level 2 spell: Blink
 19170 | D:10     | Found an ancient bone altar of Kikubaaqudgha.
 19287 | D:10     | Reached skill level 1 in Earth Magic
 19821 | D:10     | Reached skill level 1 in Shields
 20042 | D:10     | Reached skill level 2 in Shields
 20373 | D:10     | Reached skill level 3 in Shields
 21051 | D:11     | Reached skill level 4 in Shields
 21289 | D:11     | Reached skill level 2 in Transmutations
 21337 | D:11     | Reached skill level 1 in Translocations
 21655 | D:11     | Reached skill level 2 in Earth Magic
 21752 | D:11     | !!
 22275 | D:12     | Reached skill level 3 in Transmutations
 22278 | D:12     | Found a frozen archway.
 22298 | IceCv    | Entered an ice cave
 23241 | IceCv    | Reached skill level 3 in Earth Magic
 23813 | IceCv    | Noticed a reaper
 24128 | IceCv    | Reached skill level 4 in Transmutations
 24157 | IceCv    | Killed a reaper
 25647 | D:12     | Reached XP level 14. HP: 59/87 MP: 9/26
 25815 | D:12     | Found Ahurol's Magic Scroll Emporium.
 25825 | D:12     | Bought a scroll of random uselessness for 12 gold pieces
 25826 | D:12     | Bought a scroll of identify for 24 gold pieces
 25826 | D:12     | Bought a scroll of identify for 24 gold pieces
 25826 | D:12     | Bought a scroll of identify for 24 gold pieces
 25845 | D:12     | Gained mutation: You are clumsy. (Dex -2) [Ru sacrifice]
 26366 | D:13     | Reached skill level 4 in Earth Magic
 26864 | D:13     | Noticed Frances
 27015 | Orc:1    | Entered Level 1 of the Orcish Mines
 27215 | Orc:2    | Entered Level 2 of the Orcish Mines
 27215 | Orc:2    | Found a staircase to the Elven Halls.
 27215 | Orc:2    | Found Heraa's Gadget Shop.
 27215 | Orc:2    | Noticed an orc warlord
 27229 | Orc:2    | Killed an orc warlord
 27365 | Orc:1    | Noticed Harold
 27380 | Orc:1    | Killed Harold
 27457 | Orc:2    | Reached skill level 10 in Fighting
 27518 | Orc:1    | Noticed an orc warlord
 27552 | Orc:1    | Killed an orc warlord
 27552 | Orc:1    | Reached skill level 5 in Earth Magic
 28052 | Orc:2    | Reached skill level 14 in Stealth
 28545 | Orc:2    | Reached skill level 11 in Dodging
 28805 | Orc:2    | Reached skill level 6 in Earth Magic
 29543 | Orc:2    | Found Mesouleb's Antique Weapon Boutique.
 29546 | Orc:2    | Found Xuckeonn's General Store.
 29546 | Orc:2    | Found Aluicant's General Store.
 29546 | Orc:2    | Found Gunoxef's Food Emporium.
 29868 | Orc:2    | Bought a scroll of magic mapping for 49 gold pieces
 29868 | Orc:2    | Bought a scroll of vulnerability for 105 gold pieces
 29869 | Orc:2    | Bought a polished war axe for 246 gold pieces
 29870 | Orc:2    | Identified the +10 war axe "Elacurez" {chop, Dex+5} (You bought it in a shop on level 2 of the Orcish Mines)
 29872 | Orc:2    | Bought a potion of resistance for 110 gold pieces
 29907 | Elf:1    | Entered Level 1 of the Elven Halls
 30180 | Elf:1    | Noticed a deep elf demonologist
 30200 | Elf:1    | Killed a deep elf demonologist
 30716 | Swamp:1  | Entered Level 1 of the Swamp
 31664 | D:13     | Reached skill level 11 in Fighting
 31664 | D:13     | Reached skill level 15 in Stealth
 31664 | D:13     | Reached XP level 15. HP: 95/95 MP: 27/27
 31919 | D:13     | Identified the Guide on Spatial Poisoning
 32188 | D:12     | Reached skill level 7 in Earth Magic
 32554 | D:14     | Found Kuozykam's Distillery.
 32560 | D:14     | Bought a potion of agility for 64 gold pieces
 32987 | D:14     | Noticed Rupert
 33082 | D:15     | Entered Level 15 of the Dungeon
 33311 | D:15     | Found Laskoh's Blood Bar.
 33934 | D:15     | Found Janoch's General Store.
 33964 | D:15     | Bought a scroll of fog for 36 gold pieces
 34302 | D:13     | Found a stormy altar of Qazlal.
 34405 | D:13     | Found a gate to the Vaults.
 34454 | D:13     | Killed Frances
 34522 | D:13     | Reached skill level 12 in Dodging
 35412 | Swamp:1  | Slain by a swamp worm

Vault maps used:
D:1:      saegor_arrival_simple_a
D:2:      nemelex_xobeh_ov_fountains_minmay
D:3:      old_standard_altar, first_bread, uniq_natasha, uniq_jessica
D:4:      uniq_ijyb
D:5:      st_stairs_12, minmay_small_thing
D:6:      lemuel_temple_firewalk_b
D:7:      lemuel_ratsnest, the_bakery
D:8:      grunt_temple_overflow_open, grunt_lair_entry_orc_guard_hut,
          uniq_gastronok
D:9:      overflow_temple_1_default, zin_purify, orc_0_dummy, uniq_erolcha,
          uniq_erica
D:10:     kennysheep_town
D:11:     minmay_guarded_unrand_finisher
D:12:     portal_ice_cave_demonic_guard, serial_shops, shop_scrolls
D:13:     lemuel_ice_spiral_2, david_vaults_5, nicolae_qazlal_style_of_elements,
          uniq_frances
D:14:     minmay_crystal_room, serial_shops, shop, kb_tengu_band, uniq_rupert
D:15:     hangedman_depths_entry_try_elsewhere_first, serial_shops, shop_statue,
          nicolae_twisting_strands, guppyfry_shop_blood
Temple:   minmay_temple_bridge_d
Lair:1:   minmay_lair_oklob_items, st_stairs_9, uniq_joseph
Lair:2:   minmay_lair_venomous_thicket
Lair:3:   minmay_swamp_entry_worms, dummy_snake_entry, basic_altar,
          serial_bayou_pond_c, grunt_forest_stairs_clearing,
          serial_bayou_shore_b, minmay_lair_oklob_chamber
Lair:4:   disabler_island
Lair:5:   special_room, dpeg_oklob_1
Lair:6:   cheibrodos_lair_end_hotspot, dpeg_slime_entry_enclosed_altar,
          nicolae_volcano_entry_s_turn
Swamp:1:  serial_swamp_ruin, evilmike_swamp_ruin_house_1,
          evilmike_swamp_ruin_house_4, infiniplex_staircase_pool_2
Orc:1:    uniq_harold
Orc:2:    st_orc_ogre_mass, serial_shops, shop
Elf:1:    eino_elf_arrival_shootout, minmay_elf_demonology
IceCv:    ice_cave_small_demon

Skill      XL: |  1  2  3  4  5  6  7  8  9 10 11 12 13 14 15 |
---------------+----------------------------------------------+-----
Stealth        | 3 4 5 6 7 9 11 12 13 15 | 15.7
Air Magic      | 2 4 |  4.8
Fighting       | 1 2 3 4 5 7 8 9 11 | 11.6
Dodging        | 3 4 5 6 8 9 10 11 12 | 12.0
Spellcasting   | 3 4 5 6 7 8 |  8.0
Summonings     | 5 7 8 9 10 | 10.9
Ice Magic      | 2 4 |  4.7
Evocations     | 4 |  4.1
Transmutations | 4 |  4.0
Earth Magic    | 3 6 7 |  7.9
Shields        | 4 |  4.2
Translocations | 1 |  1.4

Action                   |  1- 3 |  4- 6 |  7- 9 | 10-12 | 13-15 || total
-------------------------+-------+-------+-------+-------+-------++-------
Melee: Unarmed           |    12 |       |       |    30 |       ||    42
       Spear             |     5 |       |    15 |       |       ||    20
       Constrict         |    12 |    24 |    35 |    44 |    64 ||   179
       Tentacles         |     6 |    15 |    25 |    40 |    61 ||   147
       Mace              |    49 |    80 |   129 |   212 |    67 ||   537
       Dagger            |       |       |     4 |       |       ||     4
       Hand axe          |       |       |       |       |   175 ||   175
       War axe           |       |       |       |       |   115 ||   115
       Demon trident     |       |       |       |       |    14 ||    14
 Fire: Hunting sling     |     2 |     2 |       |       |       ||     4
       Blowgun           |       |       |     9 |       |       ||     9
Throw: Stone             |       |       |       |     3 |       ||     3
       Javelin           |       |       |       |     4 |     8 ||    12
 Cast: Summon Small Mamm |    41 |    11 |    11 |     1 |       ||    64
       Call Canine Famil |       |    15 |    27 |    52 |   143 ||   237
       Summon Lightning  |       |     3 |    31 |    90 |   226 ||   350
       Summon Ice Beast  |       |       |       |   172 |   320 ||   492
       Blink             |       |       |       |       |    27 ||    27
       Lee's Rapid Decon |       |       |       |       |    24 ||    24
       Passwall          |       |       |       |       |     6 ||     6
       Petrify           |       |       |       |       |     8 ||     8
       Stone Arrow       |       |       |       |       |     7 ||     7
Invok: Sacrifice Purity  |       |       |       |     1 |     2 ||     3
       Sacrifice Drink   |       |       |       |     1 |       ||     1
       Draw Out Power    |       |       |       |     2 |     2 ||     4
       Power Leap        |       |       |       |     1 |     7 ||     8
       Sacrifice Health  |       |       |       |     1 |       ||     1
       Apocalypse        |       |       |       |       |     5 ||     5
       Reject Sacrifices |       |       |       |       |     1 ||     1
Evoke: Wand              |       |       |       |     8 |    62 ||    70
       Box of beasts     |       |       |       |       |     2 ||     2
       Phial of floods   |       |       |       |       |     1 ||     1
  Use: Scroll            |       |     8 |     7 |    13 |    22 ||    50
       Potion            |       |       |     1 |     3 |       ||     4
 Stab: Sleeping          |     3 |     2 |     4 |     4 |    11 ||    24
       Distracted        |       |     2 |     2 |     4 |    14 ||    22
       Paralysed         |       |       |       |       |     1 ||     1
       Petrified         |       |       |       |       |     4 ||     4
       Invisible         |       |       |       |       |     3 ||     3
  Eat: Chunk             |     4 |    10 |    12 |    37 |    53 ||   116
       Meat ration       |       |       |     1 |     1 |     7 ||     9
       Royal jelly       |       |       |     2 |     3 |     9 ||    14
       Bread ration      |       |       |       |     1 |       ||     1
       Fruit             |       |       |       |     1 |       ||     1
Armor: Skin              |    26 |    22 |    37 |   144 |    20 ||   249
Dodge: Dodged            |    61 |    70 |   123 |   221 |   327 ||   802
Block: Buckler           |       |       |       |       |    63 ||    63
